 Dungeon Crawl Stone Soup version 0.31-a0-167-g1c394c0614 (webtiles) character file.

Game seed: 3811598000950169619

4718 qw the Cleaver (level 10, -4/63 HPs)
             Began as a Gargoyle Fighter on June 14, 2023.
             Slain by a hornet (8 damage)
             ... on level 8 of the Dungeon.
             The game lasted 00:04:23 (6974 turns).

qw the Cleaver (Gargoyle Fighter)                   Turns: 6974, Time: 00:04:24

Health: -4/63      AC: 26    Str: 24    XL:     10   Next: 45%
Magic:  10/10      EV:  5    Int:  9    God:
Gold:   503        SH: 15    Dex: 15    Spells: 9/9 levels left

rFire   . . .        Y - +1 war axe
rCold   . . .        t - +0 tower shield
rNeg    + . .        l - +0 plate armour
rPois   inf          f - +0 helmet
rElec   +            k - scarf {repulsion}
rCorr   .            a - +1 pair of gloves
SInv    .            o - +0 pair of boots
Will    +....        (no amulet) Stlth
                     q - ring of willpower
HPRegen 0.30/turn    g - +6 ring of dexterity
MPRegen 0.12/turn

%: repel missiles
@: no status effects
A: sickness immunity, AC +7, negative energy resistance 1, electricity
resistance, torment resistance 1, petrification resistance, hooves 1, shaggy fur
1, MP-powered wands
a: no special abilities


You were on level 8 of the Dungeon.
You visited 2 branches of the dungeon, and saw 9 of its levels.

You collected 503 gold pieces.


Innate Abilities, Weirdness & Mutations

You are immune to sickness and miasma.
Your stone body is resilient. (AC +7)
You are immune to poison.
You resist negative energy. (rN+)
You are resistant to electric shocks. (rElec)
You are resistant to unholy torment.
You are immune to petrification.
You have large cloven feet.
You are covered in fur. (AC +1)
You expend magic power (3 MP) to strengthen your wands.


   Skills:
 - Level 7.0 Fighting
 - Level 10.0 Axes
 - Level 2.8 Throwing
 - Level 6.6 Armour
 - Level 2.2 Dodging
 + Level 7.1 Shields


You had 9 spell levels left.
You didn't know any spells.
Your spell library was empty.

Inventory:

Hand Weapons
 j - a +0 morningstar
 Y - a +1 war axe (weapon)
Missiles
 e - 3 boomerangs
 p - a javelin (quivered)
Armour
 a - a +1 pair of gloves (worn)
 f - a +0 helmet (worn)
 k - a scarf of repulsion (worn)
 l - a +0 plate armour (worn)
 o - a +0 pair of boots (worn)
 t - a +0 tower shield (worn)
Jewellery
 g - a +6 ring of dexterity (right hand)
 q - a ring of willpower (left hand)
Wands
 i - a wand of digging (6)
Scrolls
 b - a scroll of identify
Potions
 d - 2 potions of might
 h - 4 potions of curing
 m - a potion of lignification
 n - a potion of cancellation
 r - 2 potions of mutation
 s - a potion of attraction
 u - a potion of haste {unknown}

Dungeon Overview and Level Annotations

Branches:
Dungeon (8/15)             Temple (1/1) D:5
   Lair: D:8-11

Altars:
Ashenzari
Cheibriados
Fedhas
Gozag
Hepliaklqana
Qazlal
Ru
Wu Jian
Xom
Yredelemnul
Zin

Shops:
D:2 :   D:3 :   D:8 (

Annotations:
D:3 exclusion: moth of wrath


Message History

You closely miss the yak.
The yak is moderately wounded.
You hit the yak. You block the yak's attack.
You slash the yak!
The yak is heavily wounded.
You barely miss the yak. You block the hornet's attack.
The yak barely misses you. You block the yak's attack.
You hit the yak but do no damage.
The yak is heavily wounded.
You slash the yak! You hit the hornet but do no damage. The hornet stings you.
The yak gores you but does no damage. You block the yak's attack.
The hornet barely misses you.
You slash the yak!
The yak is almost dead.
You slash the yak! You hit the hornet but do no damage.
The hornet barely misses you. The yak gores you but does no damage.
The yak barely misses you. The hornet stings you!
The yak gores you but does no damage. You block the yak's attack.
You slash the yak!
You kill the yak!
You slash the yak! You hit the hornet but do no damage.
The hornet stings you but does no damage.
You block the hornet's attack. The yak barely misses you.
You hit the yak.
The yak is almost dead.
You hit the hornet. You block the hornet's attack. You block the yak's attack.
The hornet stings you but does no damage.
You slash the yak!
You kill the yak!
You hit the hornet but do no damage.
The hornet stings you but does no damage.
You block the hornet's attack.
Your Shields skill increases to level 7!
You slash the hornet!
The hornet is heavily wounded.
The hornet stings you. The hornet stings you!
You die...

#............#.........
#............#.........
#............#..<......
#..##..##.##.#.....#.#.
##..##.##.###+#..\..
#......#.......##.##
#......#.......#..#
#......#.......#.##
##%@...#.........#
##y#####.......... .Y#
#.######### #... ...#
(... ... .#...# .#...#
( #..##


You could see a yak and a hornet.

Vanquished Creatures
  A two-headed ogre (D:8)
  A hornet (D:7)
  4 yaks (D:8)
  A steam dragon (D:7)
  Menkaure (D:5)
  3 water moccasins
  Duvessa (D:4)
  3 black bears
  An orc warrior (D:7)
  An ice beast (D:7)
  A sky beast (D:6)
  A centaur (D:7)
  A kobold brigand (D:7)
  4 phantoms
  2 bullfrogs
  3 scorpions
  4 wights (D:7)
  Dowan (D:4)
  2 jellies
  A centaur zombie (D:5)
  Ijyb (D:3)
  7 hounds
  An orc priest (D:4)
  4 sleepcaps
  8 orc wizards
  2 iguanas (D:5)
  Robin (D:3)
  A howler monkey zombie (D:5)
  9 gnolls
  13 adders
  2 shadow imps
  3 white imps
  An ufetubus (D:5)
  A worm (D:4)
  4 dart slugs
  27 orcs
  5 bats
  5 endoplasms
  2 giant cockroaches (D:1)
  21 goblins
  6 hobgoblins
  6 jackals
  A quokka (D:4)
  13 ball pythons
  2 frilled lizards
  13 kobolds
  4 rats
200 creatures vanquished.

Vanquished Creatures (others)
  A gnoll (D:7)
1 creature vanquished.

Grand Total: 201 creatures vanquished

Notes
Turn   | Place    | Note
-------+----------+-------------------------------------------
     0 | D:1      | qw the Gargoyle Fighter began the quest for the Orb.
     0 | D:1      | Reached XP level 1. HP: 14/14 MP: 1/1
     0 | D:1      | 0 ||| qw: Version: 0.2-a-29-g1fa15c8
     0 | D:1      | 0 ||| qw: Game counter: 5140
     0 | D:1      | 0 ||| qw: Always use a shield: true
     0 | D:1      | 0 ||| qw: God list: Okawaru
     0 | D:1      | 0 ||| qw: Allow faded altars: false
     0 | D:1      | 0 ||| qw: Do Orc after D:15 true
     0 | D:1      | 0 ||| qw: Do second Lair branch before Depths: true
     0 | D:1      | 0 ||| qw: Lair rune preference: random
     0 | D:1      | 0 ||| qw: Plans: Normal, Zot:1-4, Slime:5, God:TSO, Crypt,
                  | Tomb, Abyss, Pan, Hells, Win
     0 | D:1      | 0 ||| PLANNING D:1-11
    55 | D:1      | Reached skill level 2 in Axes
   119 | D:1      | Reached XP level 2. HP: 19/19 MP: 2/2
   599 | D:1      | 599 ||| READING scroll labelled VAODDO FAME.
   630 | D:2      | Reached skill level 3 in Axes
   641 | D:2      | Reached XP level 3. HP: 23/23 MP: 3/3
   661 | D:2      | 661 ||| Stepping ~*~*~tactically~*~*~ (stealth).
   797 | D:2      | Found Deubaypn's Book Boutique.
   839 | D:2      | 839 ||| Stepping ~*~*~tactically~*~*~ (stealth).
   840 | D:2      | 840 ||| Stepping ~*~*~tactically~*~*~ (stealth).
  1034 | D:2      | 1034 ||| UPGRADING to +0 pair of gloves.
  1039 | D:2      | 1039 ||| READING scroll labelled DISSEA GERUDOO.
  1164 | D:3      | Noticed Robin
  1175 | D:3      | Reached XP level 4. HP: 28/28 MP: 4/4
  1184 | D:3      | 1184 ||| STAIRDANCE
  1234 | D:3      | Killed Robin
  1235 | D:3      | Reached skill level 4 in Axes
  1239 | D:3      | Found Mauqan's Book Boutique.
  1357 | D:3      | Noticed Ijyb
  1358 | D:3      | 1358 ||| Stepping ~*~*~tactically~*~*~ (hiding).
  1423 | D:3      | Killed Ijyb
  1482 | D:3      | Noticed a moth of wrath
  1483 | D:3      | 1483 ||| DROPPING +0 club.
  1484 | D:3      | 1484 ||| UPGRADING to +0 helmet.
  1489 | D:3      | 1489 ||| UPGRADING to +0 chain mail.
  1499 | D:3      | 1499 ||| DROPPING +0 scale mail.
  1500 | D:3      | 1500 ||| UPGRADING to scarf of repulsion.
  1548 | D:3      | 1548 ||| Stepping ~*~*~tactically~*~*~ (stealth).
  1556 | D:3      | Reached XP level 5. HP: 32/32 MP: 5/5
  1563 | D:3      | 1563 ||| FLEEEEING.
  1564 | D:3      | 1564 ||| FLEEEEING.
  1565 | D:3      | 1565 ||| FLEEEEING.
  1566 | D:3      | 1566 ||| FLEEEEING.
  1567 | D:3      | 1567 ||| FLEEEEING.
  1568 | D:3      | 1568 ||| FLEEEEING.
  1569 | D:3      | 1569 ||| FLEEEEING.
  1573 | D:3      | 1573 ||| FLEEEEING.
  1574 | D:3      | 1574 ||| FLEEEEING.
  1575 | D:3      | 1575 ||| FLEEEEING.
  1583 | D:3      | 1583 ||| DRINKING potion of curing.
  1583 | D:3      | 1583 ||| (to cure confusion)
  1611 | D:3      | Reached skill level 5 in Axes
  1753 | D:3      | 1753 ||| Stepping ~*~*~tactically~*~*~ (stealth).
  1855 | D:3      | 1855 ||| Stepping ~*~*~tactically~*~*~ (stealth).
  1879 | D:3      | 1879 ||| Stepping ~*~*~tactically~*~*~ (stealth).
  1881 | D:3      | 1881 ||| Stepping ~*~*~tactically~*~*~ (stealth).
  1882 | D:3      | 1882 ||| Stepping ~*~*~tactically~*~*~ (stealth).
  1883 | D:3      | 1883 ||| Stepping ~*~*~tactically~*~*~ (stealth).
  1884 | D:3      | 1884 ||| Stepping ~*~*~tactically~*~*~ (stealth).
  1886 | D:3      | 1886 ||| Stepping ~*~*~tactically~*~*~ (stealth).
  2099 | D:3      | 2099 ||| UPGRADING to +0 plate armour.
  2109 | D:3      | 2109 ||| DROPPING +0 chain mail.
  2110 | D:3      | 2110 ||| READING scroll labelled ZUSSIMP WEMIAF.
  2111 | D:3      | 2111 ||| READING scroll labelled WIM NU YRCHA.
  2156 | D:4      | 2156 ||| STAIRDANCE
  2292 | D:4      | Reached XP level 6. HP: 38/38 MP: 6/6
  2412 | D:4      | 2412 ||| Stepping ~*~*~tactically~*~*~ (stealth).
  2459 | D:4      | Noticed Duvessa
  2460 | D:4      | Noticed Dowan
  2461 | D:4      | 2461 ||| Stepping ~*~*~tactically~*~*~ (stealth).
  2475 | D:4      | Killed Duvessa
  2476 | D:4      | Reached skill level 6 in Axes
  2480 | D:4      | Killed Dowan
  2481 | D:4      | Reached XP level 7. HP: 14/43 MP: 7/7
  2681 | D:4      | 2681 ||| FLEEEEING.
  2682 | D:4      | 2682 ||| FLEEEEING.
  2683 | D:4      | 2683 ||| FLEEEEING.
  2685 | D:4      | 2685 ||| FLEEEEING.
  2689 | D:4      | 2689 ||| FLEEEEING.
  2690 | D:4      | 2690 ||| FLEEEEING.
  2691 | D:4      | 2691 ||| FLEEEEING.
  2694 | D:4      | 2694 ||| FLEEEEING.
  2695 | D:4      | 2695 ||| Stepping ~*~*~tactically~*~*~ (hiding).
  2696 | D:4      | 2696 ||| FLEEEEING.
  2703 | D:4      | 2703 ||| FLEEEEING.
  2814 | D:4      | 2814 ||| Stepping ~*~*~tactically~*~*~ (hiding).
  2932 | D:4      | 2932 ||| DROPPING +0 flail.
  3139 | D:4      | 3139 ||| Stepping ~*~*~tactically~*~*~ (hiding).
  3141 | D:4      | 3141 ||| Stepping ~*~*~tactically~*~*~ (hiding).
  3467 | D:4      | 3467 ||| UPGRADING to ring of willpower.
  3468 | D:4      | 3468 ||| READING scroll labelled OTAUGI JOSU.
  3469 | D:4      | 3469 ||| READING 2 scrolls labelled SOOKLO OTIF.
  3470 | D:4      | 3470 ||| READING scroll labelled URUX XIOTA.
  3471 | D:4      | 3471 ||| READING scroll labelled GUOCOWNEH ELUI.
  3472 | D:4      | 3472 ||| DROPPING scroll of amnesia.
  3501 | D:5      | Entered Level 5 of the Dungeon
  3510 | D:5      | 3510 ||| STAIRDANCE
  3513 | D:4      | Reached skill level 1 in Throwing
  3519 | D:4      | Reached skill level 7 in Axes
  3630 | D:5      | 3630 ||| Stepping ~*~*~tactically~*~*~ (stealth).
  3632 | D:5      | 3632 ||| Stepping ~*~*~tactically~*~*~ (stealth).
  3636 | D:5      | Reached XP level 8. HP: 48/48 MP: 8/8
  3648 | D:5      | 3648 ||| Stepping ~*~*~tactically~*~*~ (stealth).
  3654 | D:5      | 3654 ||| Stepping ~*~*~tactically~*~*~ (stealth).
  3750 | D:5      | Noticed Menkaure
  3751 | D:5      | 3751 ||| Stepping ~*~*~tactically~*~*~ (hiding).
  3752 | D:5      | 3752 ||| Stepping ~*~*~tactically~*~*~ (hiding).
  3763 | D:5      | Killed Menkaure
  3861 | D:5      | Reached skill level 1 in Dodging
  3898 | D:5      | HP: 11/50 [orc/+0 trident (6)]
  4089 | D:5      | Reached skill level 8 in Axes
  4171 | D:5      | Found a staircase to the Ecumenical Temple.
  4172 | D:5      | 4172 ||| PLANNING TEMPLE
  4172 | D:5      | 4172 ||| UPGRADING to +0 pair of boots.
  4177 | D:5      | 4177 ||| UPGRADING to +6 ring of dexterity.
  4178 | D:5      | 4178 ||| READING scroll labelled ORIYM EM ZOZUE.
  4179 | D:5      | 4179 ||| READING scroll labelled GUOBBAO TEJAUG.
  4182 | D:5      | 4182 ||| READING scroll labelled JETWYMNAPE.
  4183 | D:5      | 4183 ||| DRINKING 2 bubbling red potions.
  4184 | D:5      | 4184 ||| READING 3 scrolls of identify.
  4184 | D:5      | 4184 ||| IDENTIFYING silvery potion
  4185 | D:5      | 4185 ||| READING 2 scrolls of identify.
  4185 | D:5      | 4185 ||| IDENTIFYING pink potion
  4186 | D:5      | 4186 ||| DROPPING potion of brilliance.
  4187 | D:5      | 4187 ||| DROPPING potion of enlightenment.
  4263 | Temple   | Entered the Ecumenical Temple
  4304 | Temple   | 4304 ||| PLANNING D:1-11
  4403 | D:5      | Reached XP level 9. HP: 54/54 MP: 9/9
  4418 | D:5      | Found a basalt altar of Yredelemnul.
  4589 | D:5      | 4589 ||| READING 3 scrolls labelled BEICUQI SIMNU.
  4590 | D:5      | 4590 ||| DROPPING 2 scrolls of revelation.
  4812 | D:6      | Reached skill level 6 in Fighting
  5366 | D:6      | Reached skill level 9 in Axes
  5479 | D:6      | 5479 ||| Stepping ~*~*~tactically~*~*~ (hiding).
  5497 | D:6      | 5497 ||| READING 2 scrolls of identify.
  5497 | D:6      | 5497 ||| IDENTIFYING fizzy red potion
  5498 | D:6      | 5498 ||| DROPPING potion of degeneration.
  5503 | D:6      | Found a shimmering altar of Xom.
  5539 | D:6      | 5539 ||| Stepping ~*~*~tactically~*~*~ (water).
  5669 | D:7      | Reached skill level 6 in Armour
  6087 | D:7      | 6087 ||| Stepping ~*~*~tactically~*~*~ (hiding).
  6259 | D:7      | Noticed a hornet
  6260 | D:7      | 6260 ||| Stepping ~*~*~tactically~*~*~ (hiding).
  6269 | D:7      | Killed a hornet
  6305 | D:7      | 6305 ||| FLEEEEING.
  6306 | D:7      | 6306 ||| FLEEEEING.
  6307 | D:7      | 6307 ||| FLEEEEING.
  6308 | D:7      | 6308 ||| FLEEEEING.
  6309 | D:7      | 6309 ||| FLEEEEING.
  6310 | D:7      | 6310 ||| FLEEEEING.
  6311 | D:7      | 6311 ||| FLEEEEING.
  6313 | D:7      | 6313 ||| FLEEEEING.
  6324 | D:7      | Reached XP level 10. HP: 58/63 MP: 10/10
  6343 | D:7      | 6343 ||| DRINKING 2 potions of curing.
  6343 | D:7      | 6343 ||| (to cure confusion)
  6346 | D:7      | Reached skill level 10 in Axes
  6481 | D:7      | 6481 ||| READING scroll of enchant armour.
  6481 | D:7      | 6481 ||| ENCHANTING +0 pair of gloves.
  6829 | D:7      | 6829 ||| UPGRADING to +0 tower shield.
  6839 | D:7      | 6839 ||| DROPPING +0 buckler.
  6840 | D:7      | 6840 ||| DRINKING 2 murky coppery potions.
  6879 | D:7      | 6879 ||| DRINKING 2 coppery potions.
  6879 | D:7      | Gained mutation: You have large cloven feet. [potion of
                  | mutation]
  6879 | D:7      | Gained mutation: You expend magic power (3 MP) to
                  | strengthen your wands. [potion of mutation]
  6879 | D:7      | Gained mutation: You are covered in fur. (AC +1) [potion of
                  | mutation]
  6880 | D:7      | 6880 ||| READING 2 scrolls of identify.
  6880 | D:7      | 6880 ||| IDENTIFYING fuming puce potion
  6908 | D:8      | Found Kelobre's Weapon Emporium.
  6943 | D:8      | Noticed a two-headed ogre
  6960 | D:8      | Killed a two-headed ogre
  6961 | D:8      | Reached skill level 6 in Shields
  6964 | D:8      | HP: 15/63 [yak (10)]
  6969 | D:8      | HP: 13/63 [hornet (4)]
  6970 | D:8      | HP: 5/63 [hornet (8)]
  6974 | D:8      | Slain by a hornet

Levels and vault maps discovered:
D:1:      dpeg_arrival_orchard, layout_basic, interstate_on_off
D:2:      layout_rooms, serial_shops, nicolae_shop_just_a_little_nook
D:3:      layout_basic, tgw_trog, serial_shops, shop, uniq_robin, uniq_ijyb
D:4:      minmay_evil_eye, layout_basic, corexii_hall_statues_l, uniq_duvessa
D:5:      layout_rooms, lemuel_zombie_altar_yredelemnul,
          minmay_temple_entry_sparse_star, minmay_joined_circles, uniq_menkaure
D:6:      layout_basic, tgw_xom, kennysheep_minor_cross
D:7:      layout_loops_corners, minmay_starry_boxes
D:8:      layout_gridville, lemuel_tele_altar, serial_shops,
          nicolae_shop_crystal
Temple:   nicolae_temple_cloud_nine

Skill      XL: |  1  2  3  4  5  6  7  8  9 10 |
---------------+-------------------------------+-----
Axes           | 2 3 4 5 6 7 8 9 10 | 10.0
Fighting       | 4 5 7 |  7.0
Armour         | 4 5 6 |  6.6
Throwing       | 1 2 |  2.8
Dodging        | 1 2 |  2.2
Shields        | 4 7 |  7.1

Action                     |  1- 3 |  4- 6 |  7- 9 | 10-12 || total
---------------------------+-------+-------+-------+-------++-------
  Melee: War axe           |   116 |   232 |   378 |    49 ||   775
  Throw: Javelin           |       |       |    42 |     6 ||    48
    Use: Scroll            |     2 |     2 |    11 |     2 ||    17
         Potion            |       |     1 |     1 |     3 ||     5
 Armour: Scale mail        |    69 |    49 |       |       ||   118
         Chain mail        |       |    46 |       |       ||    46
         Plate armour      |       |    42 |   274 |    19 ||   335
         Skin              |       |       |     6 |     7 ||    13
  Dodge: Dodged            |    57 |    89 |   114 |    12 ||   272
         Repelled          |       |     1 |       |       ||     1
  Block: Buckler           |    21 |    30 |    83 |     3 ||   137
         Tower shield      |       |       |       |    23 ||    23

Table legend:
 A = Non-vault XP
 B = Vault XP
 C = Vault XP percentage of total XP
 D = Non-vault monster count
 E = Vault monster count
 F = Vault count percentage of total count
                 A         B        C        D         E       F
            +---------+---------+-------+---------+---------+-------
      Total |    4596 |    2144 |  31.8 |     154 |      46 |  23.0
            +---------+---------+-------+---------+---------+-------
        D:1 |      28 |       0 |   0.0 |      16 |       0 |   0.0
        D:2 |      39 |       2 |   4.9 |      18 |       1 |   5.3
        D:3 |     145 |      78 |  35.0 |      30 |      13 |  30.2
        D:4 |     569 |     267 |  31.9 |      35 |       5 |  12.5
        D:5 |     266 |    1020 |  79.3 |      11 |      17 |  60.7
        D:6 |     633 |     187 |  22.8 |      15 |       7 |  31.8
        D:7 |    1270 |     590 |  31.7 |      24 |       3 |  11.1
        D:8 |    1646 |       0 |   0.0 |       5 |       0 |   0.0
            +---------+---------+-------+---------+---------+-------
